cohdb
Replays
Latest Replays
All Replays
Popular Replays
Top Player Replays
Match Explorer
How It Works
Community
CoH3 Stats
Reddit
Sign in to upload your games and track your stats! →
Sign in with Steam
Match 42941884
Unlisted
Match 42941884
Overview
Messages
Build Orders
End
Construct Infanterie Kompanie
Grenadier Squad
Grenadier Squad
MG 42 Machine Gun Team
Grenadier Squad
Infanterie Officer Quarters
Construct Luftwaffe Kompanie
Construct Panzergrenadier Kompanie
Panzergrenadier Squad
251 Medium Carrier
Panzergrenadier Squad
Selects Breakthrough Battlegroup
Selects Assault Grenadiers
Selects Rapid Production
Pak 40 Anti-tank Gun Team
Support Elements
StuG III G Assault Gun
Goodvyn
Guessmaname
0
0
Comments
sign in to comment!
No comments posted yet!